 Dungeon Sprint DCSS version 0.30.1-9-gdf580d7c3d (webtiles) character file.

Game seed: 9301896489385920949

139 Heoruswealwe the Spear-Bearer (level 5, -2/52 HPs)
             Began as a Minotaur Fighter on Oct 5, 2023.
             Was an Initiate of Gozag.
             Slain by an unseen horror (8 damage)
             ... in the Dungeon (Sprint IX: "|||||||||||||||||||||||||||||").
             The game lasted 00:02:07 (160 turns).

Heoruswealwe the Spear-Bearer (Minotaur Fighter)     Turns: 160, Time: 00:02:08

Health: -2/52      AC: 15    Str: 25    XL:     5   Next: 1%
Magic:  4/4        EV:  7    Int:  5    God:    Gozag
Gold:   0          SH:  0    Dex: 10    Spells: 4/4 levels left

rFire   . . .        b - +2 halberd (venom)
rCold   . . .        (shield currently unavailable)
rNeg    . . .        c - +0 plate armour
rPois   .            (helmet restricted)
rElec   .            h - +0 cloak
rCorr   .            (no gloves)
SInv    .            e - +0 pair of boots
Will    .....        (no amulet) Stlth
                     k - +3 ring of strength
HPRegen 0.28/turn    (no ring)
MPRegen 0.09/turn

%: no teleportation
@: gold aura
A: horns 2, retaliatory headbutt
a: Renounce Religion, Potion Petition, Call Merchant, Bribe Branch


You were in the Dungeon.
You worshipped Gozag.
Gozag was noncommittal.
You visited 1 branch

Inventory:

Hand Weapons
 a - a +0 trident
 b - a +2 halberd of venom (weapon)
Armour
 c - a +0 plate armour (worn)
 d - a +0 buckler
 e - a +0 pair of boots (worn)
 h - a +0 cloak (worn)
Jewellery
 k - a +3 ring of strength (left hand)
Wands
 l - a wand of acid (10)
Scrolls
 j - 2 scrolls of blinking
Potions
 f - 3 potions of heal wounds
 g - a potion of haste
 i - a potion of berserk rage
 m - 5 potions of curing
 n - a potion of might


   Skills:
 + Level 7.0 Fighting
 * Level 8.8 Polearms
 + Level 7.0 Armour
 - Level 3.6 Shields


You had 4 spell levels left.
You didn't know any spells.
Your spell library was empty.

Dungeon Overview and Level Annotations

Branches:
Dungeon (1/1)

Altars:
Cheibriados
Dithmenos
Elyvilon
Fedhas
Gozag
Hepliaklqana
Kikubaaqudgha
Makhleb
Nemelex Xobeh
Okawaru
Qazlal
Ru
Sif Muna
Trog
Uskayaw
Vehumet
Wu Jian
Xom
Yredelemnul
Zin
The Shining One
Jiyva
Lugonu


Innate Abilities, Weirdness & Mutations

You have a pair of horns on your head.
You reflexively headbutt those who attack you in melee.


Message History

The acid dragon looks as sick as possible!
The acid dragon is almost dead.
You kill the acid dragon!
Something hits you.
Deactivating autopickup; reactivate with Ctrl-A.
Something hits you but does no damage.
Your Fighting skill gained 2 levels and is now at level 7!
Your Polearms skill gained 3 levels and is now at level 8!
Your Armour skill gained 2 levels and is now at level 7!
You have reached level 4!
You feel agile.
You have reached level 5!
You closely miss something.
Something hits you but does no damage. x2
You hit something. Your headbutt misses something.
Something hits you but does no damage.
You miss something. Something hits you but does no damage.
The wyvern is distracted by your dazzling golden aura.
Something hits you but does no damage.
You barely miss something. Something hits you but does no damage.
You closely miss something.
The wyvern hisses angrily.
You headbutt something.
The wyvern is no longer distracted by gold.
Something hits you. Something hits you but does no damage.
You barely miss something. Your headbutt misses something.
Something hits you. x2
You barely miss something. Something hits you but does no damage.
Something hits you.
* * * LOW HITPOINT WARNING * * *
You miss something. Your headbutt misses something.
Something hits you but does no damage. x2
You closely miss something. Something hits you.
* * * LOW HITPOINT WARNING * * *
Something hits you!
* * * LOW HITPOINT WARNING * * *
You slash something! You headbutt something.
Something hits you but does no damage.
You miss something. You headbutt something.
Something hits you but does no damage. Something hits you!
You die...
Your body crumbles into a pile of gold.

$
▓.▓
$
▓.▓
$ $
▓Y▓
$
▓{▓
$ $
▓l▓
$
▓W▓
$
▓{▓
$
▓@▓
$
▓.▓
▓.▓
$
▓.▓
▓=▓
$
▓[▓
$
▓)▓
$
▓?▓
$
▓!▓


You could see a yak, a wraith and a wyvern.

Vanquished Creatures
  An acid dragon (D)
  A gnoll (D)
  An adder (D)
  A shadow imp (D)
  2 orcs (D)
  A ball python (D)
  A hobgoblin (D)
  2 bats (D)
  A kobold (D)
11 creatures vanquished.

Notes
Turn   | Place    | Note
-------+----------+-------------------------------------------
     0 | D        | Heoruswealwe the Minotaur Fighter began the quest for the
                  | Orb.
     0 | D        | Reached XP level 1. HP: 19/19 MP: 0/0
     7 | D        | Reached skill level 3 in Polearms
    31 | D        | Reached skill level 4 in Polearms
    36 | D        | Reached XP level 2. HP: 28/28 MP: 1/1
    39 | D        | Reached skill level 5 in Polearms
    40 | D        | Reached skill level 5 in Fighting
    40 | D        | Reached skill level 5 in Armour
    45 | D        | Reached XP level 3. HP: 13/36 MP: 2/2
    55 | D        | Found a snail-covered altar of Cheibriados.
    55 | D        | Found a shadowy altar of Dithmenos.
    55 | D        | Found a white marble altar of Elyvilon.
    55 | D        | Found a blossoming altar of Fedhas.
    55 | D        | Found an opulent altar of Gozag.
    56 | D        | Found a hazy altar of Hepliaklqana.
    57 | D        | Found a viscous altar of Jiyva.
    58 | D        | Found an ancient bone altar of Kikubaaqudgha.
    59 | D        | Found a corrupted altar of Lugonu.
    60 | D        | Found a burning altar of Makhleb.
    61 | D        | Found a sparkling altar of Nemelex Xobeh.
    62 | D        | Found an iron altar of Okawaru.
    63 | D        | Became a worshipper of Gozag Ym Sagoz the Greedy
    64 | D        | Found a stormy altar of Qazlal.
    65 | D        | Found a sacrificial altar of Ru.
    66 | D        | Found a shimmering blue altar of Sif Muna.
    67 | D        | Found a bloodstained altar of Trog.
    68 | D        | Found a hide-covered altar of Uskayaw.
    69 | D        | Found a radiant altar of Vehumet.
    70 | D        | Found an ornate altar of the Wu Jian Council.
    71 | D        | Found a shimmering altar of Xom.
    72 | D        | Found a basalt altar of Yredelemnul.
    73 | D        | Found a glowing silver altar of Zin.
    74 | D        | Found a glowing golden altar of the Shining One.
   144 | D        | Noticed a yak
   144 | D        | Noticed a wyvern
   144 | D        | Noticed a wraith
   144 | D        | Noticed an acid dragon
   149 | D        | Killed an acid dragon
   150 | D        | Reached skill level 8 in Polearms
   150 | D        | Reached XP level 4. HP: 24/47 MP: 3/3
   150 | D        | Reached XP level 5. HP: 27/52 MP: 4/4
   160 | D        | Slain by an unseen horror

Illustrated notes

Levels and vault maps discovered:
D:        linesprint [early_d, line_temple, items_1, d_10, items_2, lair_1,
          lair_end, items_3, orc_1, orc_end, items_4, d_15, swamp_1, shoals_1,
          snake_1, spider_1, d_20, vaults_1, items_5, swamp_end, shoals_end,
          snake_end, spider_end, vaults_end, d_27, items_6, zot_1, zot_end,
          crypt_end, forest_end, elf_end, slime_end, tomb_end, abyss_end,
          pan_hell_end]

Skill      XL: |  1  2  3 |
---------------+----------+-----
Polearms       | 4 5 8 |  8.8
Fighting       | 4 5 7 |  7.0
Armour         | 4 5 7 |  7.0
Shields        | |  3.6

Action                     |  1- 3 |  4- 6 || total
---------------------------+-------+-------++-------
  Melee: Trident           |    28 |       ||    28
         Headbutt          |     3 |     3 ||     6
         Halberd           |     5 |    11 ||    16
 Armour: Scale mail        |    12 |       ||    12
         Plate armour      |     4 |    12 ||    16
  Dodge: Dodged            |    16 |       ||    16
  Block: Buckler           |     7 |       ||     7
